 Dungeon Crawl Stone Soup version 0.31-a0-1278-g11c5b68f87 (webtiles) character file.

Game seed: 8192373124424216737

14 DApurpleWHUMPUS the Grave Robber (level 2, -3/2 HPs)
             Began as a Human Necromancer on Dec 17, 2023.
             Slain by a quokka (5 damage)
             ... on level 1 of the Dungeon.
             The game lasted 00:01:34 (522 turns).

DApurpleWHUMPUS the Grave Robber (Human Necromancer) Turns: 522, Time: 00:01:35

Health: -3/2       AC:  1    Str: 18    XL:     2   Next: 41%
Magic:  4/5        EV:  8    Int: 15    God:
Gold:   51         SH:  0    Dex: 13    Spells: 4/5 levels left

rFire   + + .        (weapon currently unavailable)
rCold   x . .        (shield currently unavailable)
rNeg    . . .        a - melded +0 robe
rPois   +            (helmet currently unavailable)
rElec   .            (cloak currently unavailable)
rCorr   .            (gloves currently unavailable)
SInv    .            (boots currently unavailable)
Will    .....        (no amulet)
Stlth   ++           (no ring)
HPRegen 0.20/turn    (no ring)
MPRegen 0.09/turn

%: no passive effects
@: dragon-form, flying
A: dragon claw, dragon scales, breathe fire, flying, reduced hp, giant, explore
regen
a: Breathe Fire, Begin Untransformation


You were on level 1 of the Dungeon.
You were a fearsome dragon!
You visited 1 branch of the dungeon, and saw 1 of its levels.

You collected 51 gold pieces.

Inventory:

Armour
 a - a +0 robe (melded)
Talismans
 e - a dragon-blood talisman (active)
Scrolls
 d - a scroll of silence {unknown}
Potions
 b - 3 potions of magic
 c - a potion of heal wounds {unknown}
 f - a potion of degeneration {unknown}


   Skills:
 - Level 2.2 Dodging
 - Level 2.2 Stealth
 * Level 2.3 Spellcasting
 - Level 4.1 Necromancy


You had 4 spell levels left.
You knew the following spells:

 Your Spells              Type           Power      Damage    Failure   Level
a - Necrotise             Necr           56%        1d6       4%          1

Your spell library contained the following spells:

 Spells                   Type           Power      Damage    Failure   Level
 Vampiric Draining        Necr           14%        2d7       12%         3
 Animate Dead             Necr           14%        N/A       36%         4
 Vhi's Electric Charge    Tloc/Air       2%         N/A       91%         4
 Agony                    Necr           14%        N/A       73%         5
 Arcjolt                  Conj/Air       0%         1d10      99%         5
 Plasma Beam              Fire/Air       0%         2x1d10    100%        6


Dungeon Overview and Level Annotations

Branches:
Dungeon (1/15)

Altars:

Shops:
D:1 =


Innate Abilities, Weirdness & Mutations

You are a fearsome dragon!
You have a powerful clawing attack.
Your giant scaled body is strong and resilient, but less evasive.
You can breathe fire.
You are flying.
Your maximum health is decreased, since you lack skill for your form.
Your armour is entirely melded.
You are incapable of wielding weapons or throwing items.
You regain HP and MP as you explore.


Message History

There is an entrance to Bononuc's Jewellery Emporium here.
You can access your shopping list by pressing '$'.
Found a stone staircase leading down.
There is an open door here.
Things that are here:
a +0 club; 4 stones
f - an orange potion
Okay, then.
Claw: -) Teeth and claws
Press: ? - help, Dir - move target You swing at nothing.
Aiming: Necrotise (safe; 4% risk of failure)
Press: ? - help, Q - select action, (/) - cycle Shift-Dir - straight line
Okay, then.
You have nothing you can fire or use right now.
A kobold is nearby!
You can't see any susceptible monsters within range! (Use Z to cast anyway.)
A kobold is nearby!
The kobold shouts!
The kobold writhes in agony.
The kobold writhes in agony.
The kobold closely misses you.
The kobold writhes in agony.
You kill the kobold!
The dead are walking!
Your kobold skeleton crumbles into dust!
You now have 51 gold pieces (gained 11).
You see here a +0 whip.
Found a +0 dagger.
A quokka and an endoplasm come into view.
The endoplasm quivers.
The endoplasm writhes in agony.
You kill the endoplasm!
A quokka is nearby!
A quokka is nearby!
The helpless quokka fails to defend itself.
You hit the quokka.
The quokka is heavily wounded.
The quokka bites you.
Ouch! That really hurt!
You die...

#......... #.
###.......). ..
..'......... ##.
###........> ..
........#### ###.##
#######.# ....# #)# #r.#
#.# #.D# #.# .#####..#
#.# ........# #.#
..#####.# #.#
........###########.#
....................####
...)....##############..
........# #)# #.......#
#.#


You could see a quokka.

Vanquished Creatures
  A bat (D:1)
  2 endoplasms (D:1)
  A hobgoblin (D:1)
  A ball python (D:1)
  5 kobolds (D:1)
  3 rats (D:1)
13 creatures vanquished.

Notes
Turn   | Place    | Note
-------+----------+-------------------------------------------
     0 | D:1      | DApurpleWHUMPUS the Human Necromancer began the quest for
                  | the Orb.
     0 | D:1      | Reached XP level 1. HP: 13/13 MP: 3/3
   180 | D:1      | Reached XP level 2. HP: 19/19 MP: 0/5
   426 | D:1      | Found Bononuc's Jewellery Emporium.
   522 | D:1      | Slain by a quokka

Illustrated notes

Levels and vault maps discovered:
D:1:      evilmike_arrival_plus, layout_basic, serial_shops, shop

Action                     || total
---------------------------++-------
  Melee: Unarmed           ||     6
   Cast: Necrotise         ||    21
   Stab: Sleeping          ||     1
 Armour: Robe              ||     7
         Skin              ||     1
  Dodge: Dodged            ||     7
   Form: Dragon            ||     1

Table legend: (Time is in decaauts)
 A = Elapsed time spent in this place.
 B = Non-inter-level travel time spent in this place.
 C = Inter-level travel time spent in this place.
 D = Time resting spent in this place.
 E = Time spent auto-exploring this place.
 F = Levels seen in this place.
 G = Mean time per level.
                   A        B        C        D        E       F      G
               +--------+--------+--------+--------+--------+-----+--------+
         Total |    522 |    522 |      0 |     21 |    401 |   1 |  522.0 |
       Dungeon |    522 |    522 |      0 |     21 |    401 |   1 |  522.0 |
               +--------+--------+--------+--------+--------+-----+--------+

Top non-repeatable levels by time:
     D:1: 522 daAuts
